 Dungeon Crawl Stone Soup version 0.31.0-32-g396128a36d (webtiles) character file.

Game seed: 2625486225150823238

1820953 tauben the Conqueror (level 26, 288/288 (292) HPs)
             Began as a Minotaur Fighter on Apr 4, 2024.
             Was an Initiate of Gozag.
             Escaped with the Orb
             ... and 3 runes!
             The game lasted 02:12:08 (58848 turns).

tauben the Conqueror (Minotaur Fighter)            Turns: 58848, Time: 02:12:09

HP:   288/288 (292) AC: 35    Str: 46    XL:     26   Next: 60%
MP:   22/22         EV: 19    Int: 13    God:    Gozag
Gold: 10177         SH: 39    Dex:  8    Spells: 25/25 levels left

rFire   + + .        n - +9 broad axe (freeze)
rCold   + . .        Q - +8 tower shield {rC+}
rNeg    + . .        q - +8 plate armour of Good Intentions {Will++}
rPois   .            a - +2 hat
rElec   +            (no cloak)
rCorr   .            K - +0 pair of gloves of Vampiric Thralls {Str+7 Stlth-}
SInv    +            G - +2 pair of slick slippers {slick, slippery, EV+4}
Will    ++++.        e - amulet of Yendor {Reflect ^Contam rElec rF++ Int+4 SH+5} Stlth
                     t - ring of Imuckih {rN+ Will+ Str+2 Int+6}
HPRegen 0.68/turn    B - ring "Qolekhlel" {Str+6 Dex-4 SInv Stlth+}
MPRegen 0.18/turn

%: reflection, clarity
@: studying 3 skills, lightly drained, bribing [the Dungeon, the Depths]
A: horns 2, retaliatory headbutt, talons 1, large bone plates 1, clarity, dopey
1, robust 1
0: Orb of Zot
}: 3/15 runes: barnacled, silver, gossamer
a: Renounce Religion, Potion Petition, Call Merchant, Bribe Branch


You escaped.
You worshipped Gozag.
Gozag was extremely pleased with you.
You visited 9 branches of the dungeon, and saw 45 of its levels.
You also visited: Ossuary and Ice Cave.

You collected 26760 gold pieces.
You spent 6060 gold pieces at shops.
You paid 10523 gold pieces to Gozag.

Inventory:

Hand Weapons
 n - a +9 broad axe of freezing (weapon)
Missiles
 v - 8 curare-tipped darts
 D - 11 throwing nets
Armour
 a - a +2 hat (worn)
 q - the +8 plate armour of Good Intentions (worn) {Will++}
   (You bought it in a shop on level 2 of the Orcish Mines)

   Will++:    It greatly increases your willpower.
 G - the +2 pair of slick slippers (worn) {slick, slippery, EV+4}
   (You bought it in a shop on level 2 of the Orcish Mines)

   Slick:     Its wearer cannot be constricted, engulfed, netted or webbed.
   Slippery:  Its wearer slips away from damaging melee attacks, pulling the
   attacker onward.
   EV+4:      It affects your evasion (+4).
 K - the +0 pair of gloves of Vampiric Thralls (worn) {Str+7 Stlth-}
   (You found it on level 8 of the Dungeon)

   Str+7:     It affects your strength (+7).
   Stlth-:    It makes you less stealthy.
 Q - a +8 tower shield of cold resistance (worn)
 V - a +2 cloak of poison resistance
 X - the +0 cloak of Doag {rF+ rN+}
   (You bought it in a shop on level 14 of the Dungeon)

   rF+:       It protects you from fire.
   rN+:       It protects you from negative energy.
Jewellery
 e - the amulet of Yendor (around neck) {Reflect ^Contam rElec rF++ Int+4 SH+5}
   (You acquired it on level 1 of the Spider Nest)

   [amulet of reflection]

   Reflect:   It reflects blocked missile attacks.
   Int+4:     It affects your intelligence (+4).
   rF++:      It greatly protects you from fire.
   rElec:     It insulates you from electricity.
   ^Contam:   It causes magical contamination when unequipped.
   SH+5:      It affects your SH (+5).
 h - a ring of resist corrosion
 t - the ring of Imuckih (left hand) {rN+ Will+ Str+2 Int+6}
   (You found it on level 4 of the Shoals)

   [ring of intelligence]

   Str+2:     It affects your strength (+2).
   Int+6:     It affects your intelligence (+6).
   rN+:       It protects you from negative energy.
   Will+:     It increases your willpower.
 B - the ring "Qolekhlel" (right hand) {Str+6 Dex-4 SInv Stlth+}
   (You took it off a spriggan berserker on level 2 of the Depths)

   [ring of see invisible]

   Str+6:     It affects your strength (+6).
   Dex-4:     It affects your dexterity (-4).
   SInv:      It lets you see invisible.
   Stlth+:    It makes you more stealthy.
 U - a ring of positive energy
Wands
 i - a wand of acid (39)
 u - a wand of flame (44) (quivered)
 z - a wand of polymorph (21)
 L - a wand of digging (15)
 N - a wand of charming (66)
 O - a wand of roots (33)
 T - a wand of mindburst (5)
Scrolls
 c - 2 scrolls of summoning
 g - 19 scrolls of teleportation
 l - 9 scrolls of revelation
 w - 6 scrolls of blinking
 y - 5 scrolls of fog
 C - 2 scrolls of amnesia
 H - 8 scrolls of immolation
 I - 11 scrolls of vulnerability
 R - 4 scrolls of poison
 W - 4 scrolls of silence
 Y - 5 scrolls of fear
Potions
 d - 7 potions of might
 f - a potion of resistance
 j - 5 potions of haste
 k - 2 potions of berserk rage
 m - 23 potions of ambrosia
 o - 7 potions of magic
 p - 23 potions of curing
 r - 4 potions of enlightenment
 s - a potion of invisibility
 x - 5 potions of cancellation
 A - 7 potions of brilliance
 E - a potion of attraction
 P - 5 potions of mutation
 S - 6 potions of heal wounds
Miscellaneous
 b - a lightning rod (4/4)
 F - a phantom mirror


   Skills:
 O Level 27 Fighting
 + Level 22.6(23.8) Axes
 - Level 13.4(19.5) Maces & Flails
 - Level 6.0 Throwing
 + Level 25.2 Armour
 + Level 21.0 Dodging
 + Level 25.2 Shields
 - Level 10.0 Evocations


You had 25 spell levels left.
You didn't know any spells.
Your spell library contained the following spells:

 Spells                   Type           Power      Damage    Failure   Level
 Apportation              Tloc           0%         N/A       56%         1
 Freeze                   Ice            0%         1d3       56%         1
 Magic Dart               Conj           0%         1d3       56%         1
 Necrotise                Necr           0%         1d4       56%         1
 Shock                    Conj/Air       0%         1d3       56%         1
 Slow                     Hex            0%         N/A       56%         1
 Sting                    Conj/Alch      0%         1d3       56%         1
 Summon Small Mammal      Summ           0%         N/A       56%         1
 Blink                    Tloc           0%         N/A       71%         2
 Call Imp                 Summ           0%         N/A       71%         2
 Cigotuvi's Dreadful Rot  Necr/Alch/Air  0%         N/A       71%         2
 Jinxbite                 Hex            0%         N/A       71%         2
 Mercury Vapours          Alch/Air       0%         N/A       71%         2
 Searing Ray              Conj           0%         2d4       71%         2
 Static Discharge         Conj/Air       0%         3-3/arc   71%         2
 Sublimation of Blood     Necr           0%         N/A       71%         2
 Call Canine Familiar     Summ           0%         N/A       91%         3
 Confusing Touch          Hex            0%         N/A       91%         3
 Frozen Ramparts          Ice            0%         1d1       91%         3
 Hailstorm                Conj/Ice       0%         3d5       91%         3
 Mephitic Cloud           Conj/Alch/Air  0%         N/A       91%         3
 Ozocubu's Armour         Ice            0%         N/A       91%         3
 Sigil of Binding         Hex            0%         N/A       91%         3
 Swiftness                Air            0%         N/A       91%         3
 Vampiric Draining        Necr           0%         2d6       91%         3
 Airstrike                Air            0%         2d(0-16)  100%        4
 Flame Wave               Conj/Fire      0%         2d4       100%        4
 Fulminant Prism          Conj/Alch      0%         3d5       100%        4
 Ignite Poison            Fire/Alch      0%         N/A       100%        4
 Leda's Liquefaction      Alch/Erth      0%         N/A       100%        4
 Olgreb's Toxic Radiance  Alch           0%         N/A       100%        4
 Passage of Golubria      Tloc           0%         N/A       100%        4
 Petrify                  Alch/Erth      0%         N/A       100%        4
 Sticky Flame             Fire/Alch      0%         2d4       100%        4
 Summon Blazeheart Golem  Fire/Summ      0%         N/A       100%        4
 Summon Lightning Spire   Summ/Air       0%         N/A       100%        4
 Alistair's Intoxication  Alch           0%         N/A       100%        5
 Borgnjor's Vile Clutch   Necr/Erth      0%         N/A       100%        5
 Freezing Cloud           Conj/Ice/Air   0%         6-21      100%        5
 Iskenderun's Battlesphe  Conj           0%         2d6       100%        5
 Metabolic Englaciation   Hex/Ice        0%         N/A       100%        5
 Silence                  Hex/Air        0%         N/A       100%        5
 Yara's Violent Unravell  Hex/Alch       0%         3d3       100%        5
 Bombard                  Conj/Erth      0%         9d1       100%        6
 Death Channel            Necr           0%         N/A       100%        6
 Eringya's Noxious Bog    Alch           0%         4d6       100%        6
 Sculpt Simulacrum        Ice/Alch       0%         N/A       100%        6
 Starburst                Conj/Fire      0%         6d3       100%        6
 Enfeeble                 Hex            0%         N/A       100%        7
 Ozocubu's Refrigeration  Ice            0%         4d7       100%        7
 Spellforged Servitor     Conj/Summ      0%         N/A       100%        7
 Summon Hydra             Summ           0%         N/A       100%        7
 Discord                  Hex            0%         N/A       100%        8
 Ignition                 Fire           0%         3d3       100%        8
 Lehudib's Crystal Spear  Conj/Erth      0%         10d2      100%        8
 Polar Vortex             Ice            0%         N/A       100%        9
 Animate Dead             Necr           Unusable   N/A       N/A         4

Dungeon Overview and Level Annotations

Branches:
Dungeon (15/15)            Temple (1/1) D:7            Lair (5/5) D:9
 Shoals (4/4) Lair:3       Spider (4/4) Lair:3        Slime (0/5) Lair:5
    Orc (2/2) D:10            Elf (0/3) Orc:2        Vaults (5/5) D:13
  Crypt (0/3) Vaults:2     Depths (4/4) D:15            Zot (5/5) Depths:4
Ossuary (visited)           IceCv (visited)

Altars:
Ashenzari
Cheibriados
Dithmenos
Elyvilon
Fedhas
Gozag
Hepliaklqana
Kikubaaqudgha
Makhleb
Nemelex Xobeh
Okawaru
Qazlal
Ru
Sif Muna
Trog
Uskayaw
Vehumet
Wu Jian
Xom
Yredelemnul
Zin
The Shining One

Shops:
D:2 :   D:9 *=   D:14 *[   Orc:2 =[(!([=(   Shoals:1 *   Vaults:2 *
Vaults:5 (   Depths:1 =   Depths:3 =

Portals:
Hell: Depths:1 Depths:2 Depths:3 Depths:4
Abyss: Depths:1 Depths:3
Pandemonium: Depths:2
Ziggurat: Depths:2
Trove: Depths:2 (give +4 ice dragon scales)

Annotations:
D:4 1 runed translucent door, Crazy Yiuf
D:13 2 transporters, Searghab's ghost, journeyman DjCj
Lair:1 exclusion: oklob plant
Lair:3 3 runed translucent doors, nitefall's ghost, journeyman MiBe
Vaults:1 2 transporters, Synox's ghost, legendary FoFi


Innate Abilities, Weirdness & Mutations

You have a pair of horns on your head.
You reflexively headbutt those who attack you in melee.
You have sharp toenails.
You are partially covered in large bone plates. (SH +4)
You possess an exceptional clarity of mind.
You are dopey. (Int -2)
You are robust. (+10% HP)


Message History

There is a stone staircase leading down here.
There is a stone staircase leading up here.
You climb upwards.
There is a stone staircase leading down here.
You see here a +0 plate armour.
Your Tzitzimitl grins greedily, jangling a coin purse.
A Tzitzimitl comes into view.
There is a stone staircase leading up here.
You climb upwards.
There is a stone staircase leading down here.
Press: ? - help, v - describe, . - travel A stone staircase leading up.
There is a stone staircase leading up here.
You climb upwards.
There is a stone staircase leading down here.
There is a stone staircase leading up here.
You climb upwards.
There is a stone staircase leading down here.
You see here a +0 dagger.
You see here a +0 club.
There is an escape hatch in the ceiling here.
A mysterious force pulls you upwards. The hatch slams shut behind you.
Level annotation: 1 runed translucent door, Crazy Yiuf
There is a stone staircase leading up here.
You climb upwards.
There is a stone staircase leading down here.
There is a stone staircase leading up here.
You climb upwards.
There is a stone staircase leading down here.
The Orb Guardian stares, then turns away, jangling a coin purse.
An Orb Guardian comes into view.
You can't go up here!
There is a stone staircase leading up here.
You climb upwards.
There is a stone staircase leading down here.
There is an open door here.
There is an open door here.
There is an open door here.
There is a staircase leading out of the dungeon here.
You have escaped!

..# #.#.# #######.............
#.# #.#.####.....#######.##.##.
#.#####.#.##.........##....#...#.
#.......#.'.....8.....'.###......
#.#.#.#.#.##.........#### ##...##
#.#.#.#.#.####.....### ##.##
#.........# ###'###### #.#
###.....### ##.....##.# #.#
###.### #...@...#.# ##+## #.#
##.....##.# ##...## #.#
########.# ##.....# #####.#####
#.# #..#.# ##.......
#.........####.###....###........
'.......................'........
#.##......####........###........
#.###.##..# #........# ##.......
#.######..# ##.......# ##.....#


There were no monsters in sight!

Vanquished Creatures
  6 dread liches
  5 orbs of fire
  2 ancient liches (Zot:5)
  Josephina (Zot:1)
  Parghit (Depths:3)
  6 Killer Klowns (Zot:5)
  Margery (Depths:4)
  5 caustic shrikes
  Nikola (Vaults:1)
  4 curse toes
  10 golden dragons
  Arachne (Spider:4)
  2 bone dragons (Depths:4)
  The ghost of nitefall the Eclecticist, an adept DjCj of Ashenzari (Shoals:4)
  5 electric golems
  Zenata (Vaults:1)
  Jorgrun (Spider:1)
  A lich (Depths:2)
  Mlioglotl (Spider:1)
  20 tentacled monstrosities
  A Hell Sentinel (Depths:4)
  A walking divine tome (Depths:4)
  27 Orb Guardians
  6 quicksilver dragons
  A searing wretch (Depths:4)
  5 titans (Vaults:5)
  Polyphemus (Shoals:4)
  9 death cobs
  11 shadow dragons
  Gastronok (Lair:2)
  9 sphinxes
  Agnes (Spider:1)
  7 tengu reavers
  Kirke (D:13)
  18 storm dragons
  Ilsuiw (Shoals:4)
  Aizul (Spider:1)
  A protean progenitor (Zot:4)
  10 draconian monks
  7 draconian knights
  6 frost giants
  6 draconian shifters
  4 emperor scorpions (Spider:4)
  16 vault wardens
  8 fire giants
  5 ghost moths
  2 iron dragons (Vaults:5)
  2 draconian stormcallers (Zot:3)
  9 draconian scorchers
  2 orc warlords
  16 stone giants
  6 ironbound thunderhulks
  4 draconian annihilators
  A spriggan defender (Depths:4)
  2 formless jellyfish
  The ghost of ratatoskos the Purveyor of Pain, an adept DENe of Kikubaaqudgha (Shoals:2)
  10 black draconians
  4 broodmothers
  16 ironbound preservers
  17 very ugly things
  4 vampire knights
  A deep elf demonologist (Vaults:5)
  5 demonspawn black suns
  2 war gargoyles (Vaults:4)
  4 deep elf annihilators (Vaults:5)
  14 green draconians
  9 white draconians
  9 yellow draconians
  7 dire elephants (Vaults:2)
  A deep elf death mage (Depths:4)
  15 spark wasps
  17 purple draconians
  12 red draconians
  Snorg (D:13)
  9 ettins
  A blizzard demon (Depths:2)
  3 jiangshi (Depths:1)
  4 fire dragons
  11 entropy weavers
  2 crystal guardians (Vaults:4)
  2 merfolk impalers (Shoals:4)
  4 merfolk javelineers (Shoals:4)
  A quicksilver dragon zombie (Depths:1)
  3 deep elf high priests
  13 yaktaur captains
  Harold (D:10)
  30 vault guards
  A rakshasa (Depths:2)
  5 spriggan air magi
  Fannar (D:10)
  2 peacekeepers (Vaults:4)
  7 hydras
  7 ice dragons
  A salamander tyrant (Depths:2)
  6 radroaches
  3 great orbs of eyes
  A hell beast (D:12)
  5 merfolk avatars
  14 ironbound frosthearts
  A sphinx zombie (D:15)
  3 ogre magi
  2 jorogumos
  A two-headed ogre (shapeshifter) (Vaults:5)
  8 centaur warriors
  13 two-headed ogres
  4 catoblepae
  4 merfolk aquamancers
  2 alligator snapping turtles (Shoals:3)
  10 satyrs
  10 boulder beetles
  5 tengu warriors
  12 deep troll shamans
  19 death yaks
  3 vampire magi
  9 death scarabs (Spider:4)
  6 deep troll earth magi
  6 demonic crawlers
  An orc high priest (D:10)
  4 spriggans (Depths:4)
  7 spriggan berserkers
  A soul eater (Depths:4)
  7 skysharks
  6 skeletal warriors (D:15)
  6 hell knights
  A spectral emperor scorpion (Spider:4)
  2 sun demons
  A salamander mystic (Depths:2)
  3 shadow wraiths
  10 iron trolls
  A spark wasp zombie (Depths:1)
  2 sea snakes (shapeshifter)
  A shadow demon (Depths:2)
  A sun moth (Spider:4)
  6 pharaoh ants
  9 orb spiders
  5 glowing orange brains
  A swamp dragon (shapeshifter) (Depths:2)
  11 sea snakes
  10 arcanists
  49 deep trolls
  2 flayed ghosts
  A lindwurm (shapeshifter) (Vaults:3)
  4 spectral wolf spiders (Spider:4)
  A steelbarb worm (shapeshifter) (Vaults:3)
  4 steelbarb worms
  A deep elf pyromancer (Depths:3)
  10 lindwurms
  5 orc knights
  15 harpies
  20 ironbound convokers
  6 phantasmal warriors
  A wolf spider zombie (Spider:4)
  36 ugly things
  4 necromancers
  A faun (shapeshifter) (Vaults:3)
  An orc sorcerer (D:10)
  27 wolf spiders
  11 manticores
  14 fauns
  A salamander (Depths:2)
  15 cyclopes
  32 moths of wrath
  A frost giant skeleton (Depths:1)
  19 elephants
  An elf zombie (Vaults:4)
  2 kobold blastminers (Orc:2)
  15 meliai
  A human skeleton (Vaults:4)
  12 merfolk sirens
  An ice statue (IceCv)
  An orange demon (D:15)
  An eye of devastation (shapeshifter) (Depths:2)
  2 torpor snails (Spider:4)
  3 water nymphs
  3 black mambas
  22 vault sentinels
  A rust devil (D:15)
  3 gargoyles
  4 large abominations (Depths:1)
  5 spectral redbacks (Spider:4)
  10 cane toads
  4 kobold demonologists
  2 rime drakes (shapeshifter)
  5 unseen horrors
  An ice devil (D:15)
  5 komodo dragons
  A hellion (Depths:2)
  4 tengu conjurers
  27 yaktaurs
  An efreet (D:13)
  2 freezing wraiths
  2 red devils (D:15)
  12 trolls
  24 merfolk
  13 polar bears
  6 wind drakes
  2 spectral culicivoras (Spider:4)
  9 hornets
  2 merfolk (shapeshifter)
  A queen bee (D:14)
  A shadow dragon simulacrum (Zot:1)
  A glass eye (shapeshifter) (Vaults:4)
  29 tarantellas
  A glass eye (Depths:4)
  A tarantella zombie (Spider:4)
  A raiju (shapeshifter) (D:14)
  5 blink frogs (Lair:1)
  3 jumping spider zombies (Spider:4)
  A hellwing (D:15)
  A dream sheep (shapeshifter) (Vaults:5)
  2 spriggan zombies
  12 water elementals
  22 slime creatures
  A centaur simulacrum (D:14)
  27 jumping spiders
  17 culicivoras
  11 snapping turtles
  A vampire (D:10)
  3 wyverns
  2 wraiths
  A white draconian simulacrum (Zot:1)
  2 golden eyes (Depths:3)
  6 basilisks
  40 yaks
  A hog (shapeshifter) (D:13)
  61 redbacks
  4 vampire mosquitoes
  A green draconian simulacrum (Zot:1)
  2 redbacks (shapeshifter) (Vaults:5)
  2 wargs (Orc:1)
  5 chaos spawn
  5 hell hounds (Zot:5)
  A glowing shapeshifter skeleton (Depths:1)
  12 water moccasins
  2 acid dragons
  A moth of wrath simulacrum (Zot:1)
  3 ice beasts
  25 orc warriors
  A swamp worm (shapeshifter) (Vaults:1)
  9 black bears
  3 ettin simulacra (Depths:3)
  A sky beast (D:7)
  2 laughing skulls (D:11)
  A black bear (shapeshifter) (Vaults:3)
  22 ogres
  5 boggarts (Vaults:1)
  11 centaurs
  29 wolves
  A phantom (D:6)
  5 kobold brigands
  16 bullfrogs
  A glowing shapeshifter simulacrum (Vaults:4)
  3 gnoll sergeants
  3 scorpions
  3 small abominations (Depths:1)
  4 water moccasin zombies (Ossuary)
  A burial acolyte (Ossuary)
  39 killer bees
  3 howler monkeys
  An electric eel (Spider:2)
  16 orc priests
  A bombardier beetle (D:7)
  4 hounds
  12 jellies
  2 sleepcaps
  5 iguanas
  19 orc wizards
  7 hell rats (Lair:5)
  2 crocodile zombies (Ossuary)
  A hound zombie (D:4)
  A hound skeleton (D:3)
  2 mummies (Ossuary)
  Robin (D:4)
  11 gnolls
  5 adders
  A howler monkey skeleton (D:3)
  A shadow imp (D:6)
  3 white imps (D:6)
  4 ufetubi
  11 adder zombies
  3 adder skeletons (D:4)
  A ribbon worm (D:3)
  3 dart slugs
  73 orcs
  3 ball pythons
  6 bats
  9 endoplasms
  5 giant cockroaches
  6 gnoll zombies (Ossuary)
  13 goblins
  14 hobgoblins
  4 quokkas
  2 ball python skeletons (D:3)
  A ball python zombie (D:3)
  5 frilled lizards
  4 jackal zombies (Ossuary)
  16 kobolds
  7 orc zombies (Ossuary)
  6 rats
2044 creatures vanquished.

Vanquished Creatures (others)
  A fire giant (Depths:1)
  An ironbound preserver (Vaults:1)
  A black draconian (Depths:4)
  A death yak (Lair:5)
  A manticore (Shoals:2)
  4 humans (D:13)
  A quokka (Depths:1)
10 creatures vanquished.

Grand Total: 2054 creatures vanquished

Notes
Turn   | Place    | Note
-------+----------+-------------------------------------------
     0 | D:1      | tauben the Minotaur Fighter began the quest for the Orb.
     0 | D:1      | Reached XP level 1. HP: 19/19 MP: 0/0
    63 | D:1      | Found a faded altar of an unknown god.
   131 | D:1      | You fall into a shaft and drop 1 floor!
   154 | D:2      | Reached XP level 2. HP: 27/27 MP: 1/1
   162 | D:2      | Reached skill level 4 in Fighting
   354 | D:1      | Reached XP level 3. HP: 33/33 MP: 2/2
  1206 | D:2      | Found Qizerex's Book Shop.
  1276 | D:2      | Reached XP level 4. HP: 40/40 MP: 3/3
  1509 | D:3      | Reached skill level 5 in Axes
  1658 | D:3      | Found a shadowy altar of Dithmenos.
  1688 | D:3      | Identified the +8 flail of Evolution {antimagic, rElec rN+
                  | Str+3}
  1705 | D:3      | Reached XP level 5. HP: 16/46 MP: 4/4
  2025 | D:3      | Found a shimmering blue altar of Sif Muna.
  2025 | D:3      | Found a glowing silver altar of Zin.
  2125 | D:4      | Reached skill level 1 in Maces & Flails
  2175 | D:4      | Found a runed translucent door.
  2176 | D:4      | Noticed Crazy Yiuf
  2222 | D:4      | Reached XP level 6. HP: 50/52 MP: 1/5
  2396 | D:4      | Found a sand-covered staircase.
  2405 | Ossuary  | Entered an ossuary
  2424 | Ossuary  | Reached skill level 5 in Maces & Flails
  2469 | Ossuary  | Reached XP level 7. HP: 59/59 MP: 2/6
  3023 | D:4      | Noticed Robin
  3037 | D:4      | Killed Robin
  3143 | D:5      | Entered Level 5 of the Dungeon
  3316 | D:5      | Found a hide-covered altar of Uskayaw.
  3613 | D:5      | Found a broken altar of Ashenzari.
  3628 | D:5      | Reached XP level 8. HP: 46/66 MP: 2/7
  4328 | D:6      | Reached skill level 10 in Maces & Flails
  4984 | D:7      | Reached XP level 9. HP: 71/71 MP: 2/8
  5128 | D:7      | Found a staircase to the Ecumenical Temple.
  5184 | Temple   | Entered the Ecumenical Temple
  5192 | Temple   | Became a worshipper of Gozag Ym Sagoz the Greedy
  5471 | D:7      | Identified the +5 rapier "Iskof" {drain, Fly rC+ Dex+3}
  5710 | D:8      | Reached skill level 1 in Dodging
  5717 | D:8      | Reached skill level 1 in Throwing
  5750 | D:7      | Reached skill level 1 in Evocations
  6079 | D:8      | Reached skill level 5 in Armour
  6088 | D:8      | Reached skill level 5 in Fighting
  6338 | D:8      | Reached skill level 5 in Shields
  6389 | D:8      | Reached XP level 10. HP: 74/81 MP: 3/9
  6553 | D:8      | Identified the +0 pair of gloves of Vampiric Thralls {Str+7
                  | Stlth-}
  6980 | D:8      | Found a hazy altar of Hepliaklqana.
  7007 | D:9      | Noticed an elephant
  7024 | D:9      | Killed an elephant
  7255 | D:9      | Found Arite's Jewellery Boutique.
  7261 | D:9      | Bought a ring of see invisible for 165 gold pieces
  7345 | D:9      | Found a staircase to the Lair.
  7345 | D:9      | Noticed an elephant
  7354 | D:9      | Killed an elephant
  7457 | D:9      | Reached skill level 6 in Fighting
  7595 | D:9      | Found a glowing golden altar of the Shining One.
  7607 | D:9      | Found Wuskiack's General Store.
  8258 | Lair:1   | Entered Level 1 of the Lair of Beasts
  8574 | Lair:1   | Noticed a cane toad
  8579 | Lair:1   | Killed a cane toad
  8854 | Lair:1   | Noticed a cane toad
  8860 | Lair:1   | Killed a cane toad
  8980 | Lair:1   | Noticed an oklob plant
  9181 | Lair:1   | Reached XP level 11. HP: 81/91 MP: 3/10
  9188 | Lair:1   | Reached skill level 5 in Dodging
  9193 | Lair:1   | Reached skill level 7 in Fighting
  9392 | Lair:2   | Found a frozen archway.
  9413 | IceCv    | Entered an ice cave
  9541 | IceCv    | Reached skill level 5 in Throwing
  9703 | IceCv    | Reached skill level 8 in Fighting
 10268 | IceCv    | Noticed a frost giant
 10269 | IceCv    | Noticed a death yak
 10269 | IceCv    | Noticed a death yak
 10288 | IceCv    | Killed a death yak
 10296 | IceCv    | Killed a frost giant
 10297 | IceCv    | Reached skill level 9 in Fighting
 10297 | IceCv    | Reached XP level 12. HP: 70/104 MP: 2/11
 10302 | IceCv    | Killed a death yak
 10424 | IceCv    | Noticed a death yak
 10424 | IceCv    | Noticed a death yak
 10424 | IceCv    | Noticed a death yak
 10434 | IceCv    | Killed a death yak
 10441 | IceCv    | Killed a death yak
 10446 | IceCv    | Killed a death yak
 10578 | IceCv    | Identified the +2 leather armour of the Dragon {rF+ Will+
                  | rCorr Dex-4}
 10849 | Lair:2   | Noticed a six-headed hydra
 10918 | Lair:2   | Killed a six-headed hydra
 11083 | Lair:2   | Reached skill level 10 in Armour
 11091 | Lair:2   | Reached skill level 10 in Fighting
 11175 | Lair:2   | Noticed Gastronok
 11190 | Lair:2   | Killed Gastronok
 11191 | Lair:2   | Reached skill level 10 in Shields
 11302 | Lair:2   | Found an iron altar of Okawaru.
 11317 | Lair:2   | Noticed a death yak
 11317 | Lair:2   | Noticed a death yak
 11353 | Lair:2   | Noticed a death yak
 11382 | Lair:2   | Killed a death yak
 11386 | Lair:2   | Killed a death yak
 11393 | Lair:2   | Killed a death yak
 12117 | Lair:3   | Found a runed translucent gate.
 12117 | Lair:3   | Found a runed translucent gate.
 12117 | Lair:3   | Found a runed translucent gate.
 12130 | Lair:3   | Identified the +2 buckler of Nimnuo {rPois rF+ Will++
                  | Slay-4}
 12182 | Lair:3   | Found a hole to the Spider Nest.
 12350 | Lair:3   | Reached XP level 13. HP: 97/114 MP: 2/12
 12523 | Lair:3   | Found a staircase to the Shoals.
 13109 | Lair:3   | Noticed nitefall's ghost (journeyman MiBe)
 13277 | Lair:4   | Reached skill level 11 in Fighting
 14119 | Lair:4   | Paralysed by a hornet for 1 turns
 14179 | Lair:4   | Paralysed by a hornet for 1 turns
 14202 | Lair:4   | Reached skill level 10 in Dodging
 14698 | Lair:5   | Entered Level 5 of the Lair of Beasts
 15073 | Lair:5   | Reached skill level 12 in Fighting
 15241 | Lair:5   | Reached XP level 14. HP: 100/126 MP: 4/13
 15471 | Lair:5   | Found a staircase to the Slime Pits.
 15491 | Lair:5   | Reached skill level 10 in Axes
 16098 | Lair:5   | Identified the ring of the Suburbs {Int+3 Slay+4}
 16566 | D:10     | Entered Level 10 of the Dungeon
 16618 | D:10     | Found a blossoming altar of Fedhas.
 16632 | D:10     | Noticed Fannar
 16643 | D:10     | Killed Fannar
 16906 | D:10     | Found a staircase to the Orcish Mines.
 16919 | D:10     | Noticed Harold
 16929 | D:10     | Killed Harold
 18448 | D:13     | Noticed Snorg
 18470 | D:13     | Killed Snorg
 18488 | D:13     | Reached skill level 13 in Fighting
 18555 | D:13     | Found a gate to the Vaults.
 18908 | D:13     | Noticed Kirke
 18919 | D:13     | Killed Kirke
 19085 | D:13     | Found a transporter.
 19209 | D:13     | Found a transporter.
 19210 | D:13     | Noticed Searghab's ghost (journeyman DjCj)
 19322 | D:13     | Identified the +0 giant spiked club "Jitzenac" {venom, rC+
                  | Int+3}
 19840 | D:14     | Found Hais Dem's Assorted Antiques.
 19859 | D:14     | Bought a scroll of identify for 64 gold pieces
 19859 | D:14     | Bought a scroll labelled WYSYEJUOSHRI for 32 gold pieces
 19859 | D:14     | Bought a potion of might for 128 gold pieces
 19859 | D:14     | Bought a scroll of identify for 64 gold pieces
 19859 | D:14     | Bought a potion of curing for 96 gold pieces
 19878 | D:14     | Reached XP level 15. HP: 136/136 MP: 4/14
 19993 | D:14     | Found Hour Yphu's Antique Armour Boutique.
 20002 | D:14     | Bought an encrusted cloak for 228 gold pieces
 20002 | D:14     | Identified the +0 cloak of Doag {rF+ rN+} (You bought it in
                  | a shop on level 14 of the Dungeon)
 20433 | D:15     | Entered Level 15 of the Dungeon
 21077 | D:15     | Reached skill level 14 in Fighting
 21134 | D:15     | Found a staircase to the Depths.
 22169 | Orc:1    | Entered Level 1 of the Orcish Mines
 22777 | Orc:2    | Entered Level 2 of the Orcish Mines
 23029 | Orc:2    | Found a staircase to the Elven Halls.
 23233 | Orc:2    | Found Obboxt's Antique Weapon Boutique.
 23327 | Orc:2    | Reached XP level 16. HP: 129/147 MP: 15/15
 23358 | Orc:2    | Found Ubluh's Jewellery Shop.
 23360 | Orc:2    | Found Xasiasod's Distillery.
 23369 | Orc:2    | Found Setit's Jewellery Boutique.
 23373 | Orc:2    | Bought a potion of experience for 750 gold pieces
 23373 | Orc:2    | Bought a potion of curing for 45 gold pieces
 23373 | Orc:2    | Bought a potion of heal wounds for 75 gold pieces
 23373 | Orc:2    | Bought a potion of heal wounds for 75 gold pieces
 23373 | Orc:2    | Bought a potion of heal wounds for 75 gold pieces
 23382 | Orc:2    | Bought a scorched plate armour for 1092 gold pieces
 23382 | Orc:2    | Identified the +8 plate armour of Good Intentions {Will++}
                  | (You bought it in a shop on level 2 of the Orcish Mines)
 23400 | Orc:2    | Bought the +2 pair of slick slippers {slick, slippery,
                  | EV+4} for 1161 gold pieces
 23400 | Orc:2    | Found the +2 pair of slick slippers {slick, slippery, EV+4}
 23823 | Spider:1 | Entered Level 1 of the Spider Nest
 23912 | Spider:1 | Noticed Agnes
 23926 | Spider:1 | Killed Agnes
 24003 | Spider:1 | Reached skill level 15 in Armour
 24072 | Spider:1 | Identified the serpent talisman of Defiance {Will+ Int+4}
 24072 | Spider:1 | Noticed Aizul
 24082 | Spider:1 | Reached skill level 15 in Fighting
 24086 | Spider:1 | Killed Aizul
 24241 | Spider:1 | Reached skill level 15 in Shields
 24248 | Spider:1 | Identified 2 scrolls of acquirement
 24248 | Spider:1 | Acquired the amulet of Yendor {Reflect ^Contam rElec rF++
                  | Int+4 SH+5}
 24271 | Spider:1 | Acquired a manual of Throwing
 24596 | Spider:1 | Noticed Mlioglotl
 24606 | Spider:1 | Killed Mlioglotl
 24695 | Spider:1 | Noticed Jorgrun
 24703 | Spider:1 | Killed Jorgrun
 25635 | Spider:2 | Reached skill level 15 in Axes
 25804 | Spider:2 | Reached XP level 17. HP: 156/156 MP: 16/16
 26140 | Spider:2 | Reached skill level 15 in Dodging
 26350 | Spider:3 | Reached skill level 5 in Evocations
 27505 | Spider:3 | Reached XP level 18. HP: 163/163 MP: 17/17
 27707 | Spider:4 | Entered Level 4 of the Spider Nest
 28306 | Spider:4 | Reached skill level 10 in Evocations
 28616 | Spider:4 | Reached skill level 16 in Fighting
 28701 | Spider:4 | Got a gossamer rune of Zot
 28759 | Spider:4 | Reached skill level 17 in Fighting
 29278 | Spider:4 | Noticed Arachne
 29293 | Spider:4 | Killed Arachne
 29948 | Shoals:1 | Entered Level 1 of the Shoals
 29948 | Shoals:1 | Found Cuaxeshro's Overcharged Wands.
 29993 | Shoals:1 | Reached skill level 18 in Fighting
 29993 | Shoals:1 | Reached XP level 19. HP: 181/181 MP: 18/18
 29996 | Shoals:1 | Bought a wand of acid (18) for 1134 gold pieces
 30045 | Shoals:1 | Reached skill level 19 in Fighting
 30400 | Shoals:1 | Identified the +0 robe "Ceapt" {Rampage Str+3 Slay+3}
 30893 | Shoals:2 | Found a large runed translucent door.
 30893 | Shoals:2 | Found a large runed translucent door.
 30897 | Shoals:2 | Noticed ratatoskos's ghost (adept DENe)
 31054 | Shoals:2 | Identified the +0 pair of gloves of Xech {*Corrode rElec
                  | rF++}
 31371 | Shoals:2 | Identified the +1 robe "Wonaemn" {rF+ Int+2}
 31457 | Shoals:2 | Killed ratatoskos's ghost
 31458 | Shoals:2 | Reached skill level 20 in Fighting
 31477 | Shoals:2 | Got Sif Muna's Secrets of the Weird Singularity
 31512 | Shoals:3 | Reached XP level 20. HP: 179/193 MP: 19/19
 32542 | Shoals:4 | Entered Level 4 of the Shoals
 32858 | Shoals:4 | Noticed Ilsuiw
 32893 | Shoals:4 | Killed Ilsuiw
 33056 | Shoals:4 | Got a barnacled rune of Zot
 33140 | Shoals:4 | Identified the ring of Imuckih {rN+ Will+ Str+2 Int+6}
 33719 | Shoals:4 | Found a runed translucent door.
 33719 | Shoals:4 | Noticed nitefall's ghost (adept DjCj)
 33740 | Shoals:4 | Killed nitefall's ghost
 33949 | Shoals:4 | Noticed Polyphemus
 33962 | Shoals:4 | Killed Polyphemus
 34366 | Vaults:1 | Entered Level 1 of the Vaults
 34508 | Vaults:1 | Found a transporter.
 34508 | Vaults:1 | Noticed Synox's ghost (legendary FoFi)
 34509 | Vaults:1 | Noticed an ancient lich
 34786 | Vaults:1 | Found the +5 glaive of the Guard {elec, spectral}
 34975 | Vaults:1 | Noticed Zenata
 35813 | Vaults:1 | Reached XP level 21. HP: 184/201 MP: 20/20
 35999 | Vaults:1 | Killed Zenata
 36155 | Vaults:1 | Noticed Nikola
 36163 | Vaults:1 | Killed Nikola
 36595 | Vaults:1 | Found a transporter.
 37081 | Vaults:2 | Identified the +0 robe of the True Pharaoh {rElec Will-
                  | Int+4}
 37119 | Vaults:2 | Found Fymiulih's Assorted Antiques.
 37127 | Vaults:2 | Bought a scroll of blinking for 345 gold pieces
 37131 | Vaults:2 | Found a staircase to the Crypt.
 39249 | Vaults:3 | Identified the +1 ring mail of the Land of Plenty {Will+}
 39730 | Vaults:4 | Reached XP level 22. HP: 202/211 MP: 21/21
 40626 | Vaults:5 | Entered Level 5 of the Vaults
 40681 | Vaults:4 | Reached skill level 21 in Fighting
 40890 | Vaults:5 | Identified the amulet "Yseipp" {Reflect +Inv rF+ Int-4
                  | SH+5}
 41943 | Vaults:5 | Identified the +4 quarterstaff "Koebor" {spect, Str+2}
 42080 | Vaults:5 | Identified the +2 battleaxe "Rinkosag" {pain, rPois rCorr
                  | Dex+2}
 42266 | Vaults:5 | Found Warphuiru's Weapon Shoppe.
 42275 | Vaults:5 | Identified the +1 flail "Ritzaakk" {freeze, rElec Will+
                  | Dex+7}
 42288 | Vaults:5 | Identified the +2 rapier of Immorality {spect, rF- Str+6}
 42293 | Vaults:5 | Bought a throwing net for 39 gold pieces
 42314 | Vaults:5 | Identified the +5 shortbow of Untruth {drain, Int+3 Stlth+}
 42315 | Vaults:5 | Identified the +11 hand axe of the Ancients {freeze, Int+5}
 42320 | Vaults:5 | Identified the +2 ring mail of the Wild Haggis {rCorr Int+6
                  | Dex-4}
 42336 | Vaults:5 | Got the Dissertation on Pyromania and Striking
 42355 | Vaults:5 | Noticed a golden dragon
 42356 | Vaults:5 | Reached skill level 22 in Fighting
 42366 | Vaults:5 | Killed a golden dragon
 42593 | Vaults:5 | Identified the +1 plate armour "Kiuho" {^Contam rF+ Dex+3}
 42662 | Vaults:5 | Reached skill level 23 in Fighting
 42958 | Vaults:5 | Noticed a dread lich
 42970 | Vaults:5 | Killed a dread lich
 42971 | Vaults:5 | Reached XP level 23. HP: 204/228 MP: 22/22
 43061 | Vaults:5 | Got a silver rune of Zot
 43439 | Depths:1 | Entered Level 1 of the Depths
 43442 | Depths:1 | Found a gateway to Hell.
 43463 | Depths:1 | Reached skill level 24 in Fighting
 43603 | Depths:1 | Reached skill level 25 in Fighting
 44168 | Depths:1 | Found Ziguqal's Jewellery Boutique.
 44176 | Depths:1 | Bought a ring of resist corrosion for 300 gold pieces
 44190 | Depths:1 | Found a white marble altar of Elyvilon.
 44293 | Depths:1 | Found a one-way gate to the infinite horrors of the Abyss.
 44695 | Depths:2 | Reached skill level 26 in Fighting
 44831 | Depths:2 | Noticed a caustic shrike
 44839 | Depths:2 | Killed a caustic shrike
 44865 | Depths:2 | Identified the +6 dagger "Vaivud" {venom, rF+ rCorr}
 44868 | Depths:2 | Identified the staff "Ylocrouq" {rN+ Str+7 Int-5 Necro Fire
                  | Air}
 44914 | Depths:2 | Identified the ring "Qolekhlel" {Str+6 Dex-4 SInv Stlth+}
 45136 | Depths:2 | Found a broken altar of Ashenzari.
 45247 | Depths:2 | Found a one-way gate leading to the halls of Pandemonium.
 45347 | Depths:2 | Found a portal to a secret trove of treasure.
 45370 | Depths:2 | Found a one-way gateway to a ziggurat.
 45408 | Depths:2 | Reached skill level 27 in Fighting
 45442 | Depths:2 | Found a burning altar of Makhleb.
 45443 | Depths:2 | Found a white marble altar of Elyvilon.
 45452 | Depths:2 | Found an iron altar of Okawaru.
 46195 | D:9      | Bought a ring of flight for 192 gold pieces
 46453 | Depths:3 | Noticed Parghit
 46522 | Depths:3 | Identified the orb "Atzaup" {mayhem, rPois Str+3 Int+2
                  | Slay+2}
 46554 | Depths:3 | Found Mosy's Jewellery Shoppe.
 47213 | Depths:3 | Killed Parghit
 47543 | Depths:3 | Identified the +0 helmet of Reason {rF+}
 47664 | Depths:3 | Found an iron altar of Okawaru.
 47893 | Depths:4 | Entered Level 4 of the Depths
 48221 | Depths:4 | Reached XP level 24. HP: 158/249 MP: 22/22
 49179 | Depths:4 | Noticed Margery
 49203 | Depths:4 | Killed Margery
 49435 | Depths:4 | Found a gate to the Realm of Zot.
 49644 | Depths:4 | Identified the ring "Neehup" {rElec Str+3 SInv}
 49722 | Zot:1    | Entered Level 1 of the Realm of Zot
 50876 | Zot:1    | Identified the ring "Wabuneof" {Ice rElec rCorr Int-5}
 50876 | Zot:1    | Noticed Josephina
 50904 | Zot:1    | Killed Josephina
 51251 | Zot:2    | Noticed an orb of fire
 52087 | Zot:2    | Gained mutation: You are vulnerable to cold. (rC-) [an orb
                  | of fire]
 52093 | Zot:2    | Gained mutation: You occasionally lose the ability to read
                  | scrolls when taking damage. [an orb of fire]
 52094 | Zot:2    | Killed an orb of fire
 52823 | Zot:3    | Noticed an orb of fire
 52834 | Zot:3    | Gained mutation: You are dopey. (Int -2) [an orb of fire]
 52842 | Zot:3    | Killed an orb of fire
 52843 | Zot:3    | Reached XP level 25. HP: 204/257 MP: 22/22
 53119 | Zot:3    | Noticed an orb of fire
 53144 | Zot:3    | Gained mutation: You are very dopey. (Int -4) [an orb of
                  | fire]
 53147 | Zot:3    | Killed an orb of fire
 53286 | Zot:3    | Got the Compilation of The Black Sun
 54910 | Zot:4    | Noticed a dread lich
 54917 | Zot:4    | Identified the +1 morningstar "Killer Bee's Doom" {drain,
                  | rC+ Str+2 SInv}
 54925 | Zot:4    | Killed a dread lich
 54927 | Zot:4    | Noticed a dread lich
 54935 | Zot:4    | Killed a dread lich
 54938 | Zot:4    | Noticed a dread lich
 54947 | Zot:4    | Killed a dread lich
 55053 | Zot:4    | Identified the +6 rapier of Radicalism {freeze, rPois Str+4
                  | Dex+4}
 55197 | Zot:5    | Entered Level 5 of the Realm of Zot
 56442 | Zot:5    | Reached XP level 26. HP: 266/266 MP: 22/22
 56442 | Zot:5    | Noticed a dread lich
 56459 | Zot:5    | Killed a dread lich
 56699 | Zot:5    | Noticed an ancient lich
 56716 | Zot:5    | Killed an ancient lich
 56723 | Zot:5    | Noticed an orb of fire
 56737 | Zot:5    | Gained mutation: Your body sometimes deteriorates upon
                  | taking damage. [an orb of fire]
 56740 | Zot:5    | Gained mutation: You are occasionally teleported next to
                  | monsters. [an orb of fire]
 56744 | Zot:5    | Killed an orb of fire
 57135 | Zot:5    | Lost mutation: You are vulnerable to cold. (rC-) [potion of
                  | mutation]
 57135 | Zot:5    | Lost mutation: You are very dopey. (Int -4) [potion of
                  | mutation]
 57135 | Zot:5    | Lost mutation: Your body sometimes deteriorates upon taking
                  | damage. [potion of mutation]
 57135 | Zot:5    | Gained mutation: You are agile. (Dex +4, Str/Int -1)
                  | [potion of mutation]
 57136 | Zot:5    | Lost mutation: You are occasionally teleported next to
                  | monsters. [potion of mutation]
 57136 | Zot:5    | Lost mutation: You occasionally lose the ability to read
                  | scrolls when taking damage. [potion of mutation]
 57136 | Zot:5    | Lost mutation: You are agile. (Dex +4, Str/Int -1) [potion
                  | of mutation]
 57136 | Zot:5    | Gained mutation: You are frail. (-10% HP) [potion of
                  | mutation]
 57136 | Zot:5    | Gained mutation: You are weak. (Str -2) [potion of
                  | mutation]
 57136 | Zot:5    | Gained mutation: You expend magic power (3 MP) to
                  | strengthen your wands. [potion of mutation]
 57141 | Zot:5    | Lost mutation: You are weak. (Str -2) [potion of mutation]
 57141 | Zot:5    | Lost mutation: You expend magic power (3 MP) to strengthen
                  | your wands. [potion of mutation]
 57141 | Zot:5    | Lost mutation: You are frail. (-10% HP) [potion of
                  | mutation]
 57141 | Zot:5    | Gained mutation: You have sharp toenails. [potion of
                  | mutation]
 57141 | Zot:5    | Gained mutation: You possess an exceptional clarity of
                  | mind. [potion of mutation]
 57141 | Zot:5    | Gained mutation: You are partially covered in large bone
                  | plates. (SH +4) [potion of mutation]
 57141 | Zot:5    | Gained mutation: You are robust. (+10% HP) [potion of
                  | mutation]
 57258 | Zot:5    | Noticed a dread lich
 57258 | Zot:5    | Noticed an orb of fire
 57274 | Zot:5    | Noticed an ancient lich
 57288 | Zot:5    | Killed an orb of fire
 57574 | Zot:5    | Killed a dread lich
 57599 | Zot:5    | Killed an ancient lich
 57729 | Zot:5    | Identified the +6 chain mail of the Spheres {Rampage ^Drain
                  | Str+2}
 58165 | Zot:5    | Got the Orb of Zot
 58424 | Depths:3 | Noticed Ydo Oxy the pandemonium lord
 58643 | D:11     | Noticed Ropnij the pandemonium lord
 58848 | D:$      | Escaped with the Orb!

Illustrated notes

Levels and vault maps discovered:
D:1:      minmay_arrival_shattered_statue, layout_loops_corners,
          shapermc_ecumenical_altar_notcrosses
D:2:      kennysheep_big_flooded_room, layout_rooms, serial_shops, shop,
          minmay_small_reverse_x
D:3:      layout_rooms, gammafunk_temple_overflow_wave, grunt_dithmenos_smoke,
          serial_undead, serial_undead_a, serial_undead_f, serial_undead_f,
          serial_undead_d, serial_undead_f, serial_undead_f, minmay_quantized
D:4:      layout_basic, mainiacjoe_ossuary_entry_find_the_door,
          uniq_crazy_yiuf_cottage, uniq_robin
D:5:      layout_layer_cave, mainiacjoe_overflow_paths, old_standard_altar
D:6:      layout_gridville, st_stairs_2, nicolae_concentric_dashed_squares_wild
D:7:      layout_cave_pools, minmay_temple_entry_water_ring, minmay_between
D:8:      layout_cave_pools, worldfamousw_hep_ancestral_shrine, enter_bailey_7,
          corexii_checkpoint
D:9:      layout_stronghold, mainiacjoe_overflow_six_doors_small,
          grunt_lair_entry_orc_guard_hut, serial_shops, shop, shop,
          nrook_mini_vaults
D:10:     layout_loops_ring, fedhas_ov_isle_minmay, orc_0_dummy,
          nicolae_tricolors, uniq_fannar, uniq_harold
D:11:     minmay_curly_fans, layout_rooms
D:12:     layout_gridville
D:13:     layout_basic, david_vaults_2, gammafunk_ghost_smash, uniq_kirke,
          uniq_snorg
D:14:     layout_roguey [special_room_bee], serial_shops,
          nicolae_shop_statue_plus, shop_coins, minmay_misc_feat_columns,
          minmay_crystal_room, minmay_fractal_squares_gapless_7
D:15:     gammafunk_depths_entry_grave, layout_layer_cave,
          minmay_misc_feat_enclosed, serial_demonic, serial_demonic_f,
          serial_demonic_e, serial_demonic_g, serial_demonic_c
Temple:   dpeg_chambers_temple
Lair:1:   layout_regular_city, serial_bayou_pond_d, minmay_lair_oklob_items,
          minivault_19, serial_bayou_pond_e
Lair:2:   layout_chaotic_city, portal_ice_cave_entry_pillars_2, serial_forest,
          infiniplex_forest_straight_4, infiniplex_forest_straight_2,
          infiniplex_forest_lined_2, infiniplex_forest_clump_small,
          infiniplex_forest_lined_3_way, infiniplex_forest_clump_curved,
          infiniplex_forest_end_2, infiniplex_forest_lined_2,
          infiniplex_forest_lined_room_2, infiniplex_forest_lined_3,
          basic_altar, grunt_megastairs_3, uniq_gastronok
Lair:3:   layout_long_grid, mainiacjoe_shoals_entry_four_pools,
          hellmonk_spider_entry_not_the_bees, ebering_ghost_rock_garden,
          minivault_27, fungi_pond_lemuel
Lair:4:   cheibrodos_lair_overgrown_chateau, layout_concentric_octagons,
          chequers_serial_rivers_room_b
Lair:5:   grunt_lair_end_beastmaster, layout_loops_ring,
          minmay_slime_entry_jelly_boxes
Shoals:1: layout_shoals, nicolae_shop_overcharged_wands
Shoals:2: layout_shoals, ebering_ghost_disaster_area
Shoals:3: nzn_motion_control, layout_shoals
Shoals:4: shoals_end_grunt_garden, layout_shoals, shoals_ilsuiw_ice,
          gammafunk_ghost_grave, uniq_polyphemus
Spider:1: layout_spider_delve, spiders_nest_hornet_nest, uniq_mlioglotl,
          uniq_jorgrun, uniq_agnes, uniq_aizul
Spider:2: layout_spider_delve
Spider:3: nicolae_spider_hilbert_zone_7 [nicolae_spider_hilbert_4_sides_1_open,
          nicolae_spider_hilbert_4_sides_1_open,
          nicolae_spider_hilbert_4_sides_1_open,
          nicolae_spider_hilbert_4_sides_1_open,
          nicolae_spider_hilbert_3_sides_1_open,
          nicolae_spider_hilbert_3_sides_1_open,
          nicolae_spider_hilbert_3_sides_1_open,
          nicolae_spider_hilbert_3_sides_1_open,
          nicolae_spider_hilbert_4_sides_1_open,
          nicolae_spider_hilbert_4_sides_1_open,
          nicolae_spider_hilbert_4_sides_1_open,
          nicolae_spider_hilbert_2_sides_1_open,
          nicolae_spider_hilbert_2_sides_1_open,
          nicolae_spider_hilbert_2_sides_1_open,
          nicolae_spider_hilbert_2_sides_1_open,
          nicolae_spider_hilbert_2_sides_1_open,
          nicolae_spider_hilbert_2_sides_1_open]
Spider:4: floodkiller_spider_rune_tomb, nicolae_spider_bug_shape, uniq_arachne
Orc:1:    layout_caves, minmay_orc_keep
Orc:2:    st_orc_open, layout_diamond_mine
Vaults:1: gammafunk_ghost_mausoleum, hangedman_vaults_corner_blocks,
          nicolae_vaults_sesquioval_fish,
          nicolae_vaults_windows_and_doors_thing, v_misc_25,
          minmay_guarded_unrand_guard_vaults, nicolae_vaults_apartment_2,
          grunt_vaults_twisty, vaults_dpeg_emergency_exit,
          nicolae_vaults_tetromino_L_1, nicolae_vaults_surprise_closet,
          hangedman_vaults_trim, vaults_room_stairs_pillars,
          layout_vaults_chaotic_city, uniq_zenata, uniq_nikola
Vaults:2: v_alt_pattern_6, v_misc_15, v_misc_16, nicolae_vaults_wrenched,
          v_misc_3, vaults_dpeg_diagonal, vaults_room_boxed,
          nicolae_vaults_apartment_1, grunt_vaults_funnel,
          nicolae_vaults_angled_halls, layout_vaults_ring, dummy_crypt_entry,
          serial_shops, shop
Vaults:3: dpeg_vaults_monster_row, nicolae_vaults_loss_of_containment,
          nicolae_vaults_apartment_2, nicolae_vaults_tetromino_L_2,
          hangedman_vaults_locks, hangedman_vaults_trim,
          ontoclasm_vaults_bender, hangedman_vaults_stretched_pinwheel,
          nicolae_vaults_twisting_passages, vaults_mumra_lcd,
          nicolae_vaults_specimen_jars, v_misc_14,
          nicolae_vaults_closet_pinwheel_2, v_misc_5, nicolae_vaults_cochlea,
          nicolae_vaults_shelves_hall, nicolae_vaults_circle_grid_a,
          layout_vaults_maze
Vaults:4: nicolae_vaults_shipping_containers_2, nicolae_vaults_apartment_2,
          nicolae_vaults_stairing_the_circle, nicolae_vaults_tangram_2,
          nicolae_vaults_offset_grid_hallway_3,
          nicolae_vaults_offset_grid_hallway_3,
          nicolae_vaults_mini_display_case, vaults_room_hallway,
          nicolae_vaults_shelves_hall, v_pattern_2, vaults_room_door_hall,
          nicolae_vaults_storage_room_water, v_misc_28,
          ontoclasm_vaults_loading_screen, v_rooms_5, layout_vaults_omnibox
Vaults:5: serial_shops
Depths:1: layout_cave_shapes, serial_shops, nicolae_shop_waterfront,
          minmay_room_of_horrors, hell_entry, minmay_misc_feat_chi,
          nicolae_wwwww, roderic_roman_lattice, chequers_serial_rivers_small_b,
          elyvilon_altar_4
Depths:2: minmay_the_grid_octo_triangle [minmay_the_grid_octo_teeth,
          minmay_the_grid_octo_prize_single_spiral,
          minmay_the_grid_octo_shrine], layout_basic, enter_ziggurat_b,
          hangedman_coc_ice_floe, nicolae_figureground_sparkle,
          rand_demon_pan_entry_5, nicolae_trove_entry_isolated
Depths:3: hangedman_elemental_death_ray, layout_honeycomb, hell_entry,
          serial_shops, shop, hangedman_decor_peaks_small, abyss_entry,
          okawaru_ov_weapons_minmay, uniq_parghit
Depths:4: grunt_zot_entry_gee_three, layout_gridville,
          pf_vacation_house_of_asmodeus, nicolae_water_bricks,
          serial_sigils_hangedman_confine, hangedman_decor_slide_cut,
          uniq_margery
Zot:1:    layout_concentric_octagons, regret_index_zotdec_slimy_original,
          grunt_megastairs_1, uniq_josephina
Zot:2:    layout_gridville
Zot:3:    dreamdust_black_sun_cult, layout_onion_interference,
          skrybe_zot_glass_3, grunt_megastairs_5
Zot:4:    hellmonk_paralyzer, layout_basic, regret_index_zotdec_banners
Zot:5:    layout_gridlike

Skill      XL: |  1  2  3  4  5  6  7  8  9 10 11 12 13 14 15 16 17 18 19 20 21 22 23 24 25 26 |
---------------+-------------------------------------------------------------------------------+-----
Shields        | 4 5 6 8 10 12 13 14 15 20 21 23 24 25 | 25.2
Fighting       | 4 5 6 9 10 12 13 14 15 18 20 23 27 | 27.0
Armour         | 4 5 6 9 10 12 13 14 15 16 20 21 23 24 25 | 25.2
Axes           | 3 4 5 6 7 9 11 13 16 17 18 20 21 22 | 22.6
Maces & Flails | 2 5 8 12 13 | 13.4
Dodging        | 2 4 7 9 10 11 13 14 15 16 17 18 20 21 | 21.0
Throwing       | 2 4 6 |  6.0
Evocations     | 2 3 4 7 10 | 10.0

Action                     |  1- 3 |  4- 6 |  7- 9 | 10-12 | 13-15 | 16-18 | 19-21 | 22-24 | 25-27 || total
---------------------------+-------+-------+-------+-------+-------+-------+-------+-------+-------++-------
  Melee: War axe           |    75 |    53 |       |       |       |       |       |       |       ||   128
         Headbutt          |    10 |    19 |    41 |   117 |   316 |   189 |   319 |   464 |   230 ||  1705
         Flail             |       |    85 |   276 |   487 |  1138 |       |       |       |       ||  1986
         Broad axe         |       |       |       |       |   198 |   806 |  1217 |  1500 |   750 ||  4471
  Throw: Stone             |       |       |       |     4 |       |       |       |       |       ||     4
         Javelin           |       |       |       |     1 |     3 |       |       |       |       ||     4
         Dart              |       |       |       |       |    23 |       |       |       |       ||    23
 Invoke: Call Merchant     |       |       |       |       |       |     4 |       |       |       ||     4
         Bribe Branch      |       |       |       |       |       |       |       |       |     2 ||     2
         Potion Petition   |       |       |       |       |       |       |       |       |     1 ||     1
  Evoke: Wand              |       |       |       |     1 |       |       |       |     1 |    10 ||    12
         Lightning rod     |       |       |       |       |     4 |       |       |       |       ||     4
         Phantom mirror    |       |       |       |       |       |       |       |     1 |       ||     1
    Use: Scroll            |       |       |    10 |     5 |     9 |    14 |     8 |     5 |     7 ||    58
         Potion            |       |       |     2 |     3 |       |     4 |     2 |     6 |     6 ||    23
   Stab: Distracted        |       |       |       |     3 |     6 |     2 |     7 |    11 |     2 ||    31
         Petrified         |       |       |       |       |       |       |     4 |       |       ||     4
         Petrifying        |       |       |       |       |       |       |     2 |       |       ||     2
         Invisible         |       |       |       |       |       |       |       |     5 |       ||     5
 Armour: Scale mail        |    47 |   111 |    38 |       |       |       |       |       |       ||   196
         Chain mail        |       |       |    75 |       |       |       |       |       |       ||    75
         Plate armour      |       |       |    68 |   264 |   619 |   251 |   342 |   482 |   225 ||  2251
  Dodge: Dodged            |    37 |    50 |   109 |   119 |   320 |   189 |   211 |   282 |   147 ||  1464
  Block: Buckler           |    19 |    16 |    47 |    27 |       |       |       |       |       ||   109
         Tower shield      |       |       |       |   221 |  1177 |  1077 |  1298 |  1559 |   717 ||  6049
         Reflection        |       |       |       |       |       |     3 |   167 |    34 |     9 ||   213
